 Dungeon Crawl Stone Soup version 0.25-a0-668-gea548f19b6 (webtiles) character file.

Game seed: 154109938913229865, levelgen mode: deterministic

1338 MisterFreud the Nimble (level 8, -5/38 HPs)
             Began as a Felid Berserker on Mar 28, 2020.
             Was an Elder of Trog.
             Slain by a two-headed ogre
             ... wielding a +0 giant club
              (21 damage)
             ... on level 8 of the Dungeon.
             The game lasted 00:13:06 (8472 turns).

MisterFreud the Nimble (Felid Berserker)            Turns: 8472, Time: 00:13:06

Health: -5/38      AC:  2    Str: 13    XL:     8   Next: 35%
Magic:  13/13      EV: 27    Int:  9    God:    Trog [****..]
Gold:   299        SH:  0    Dex: 18    Spells: 7/7 levels left
                                        Lives:  0   Deaths: 2

rFire    . . .     SeeInvis +     - Unarmed
rCold    . . .     Gourm    .   (shield unavailable)
rNeg     . . .     Faith    .   (armour unavailable)
rPois    .         Spirit   .   (helmet unavailable)
rElec    .         Reflect  .   (cloak unavailable)
rCorr    .         Harm     .   (gloves unavailable)
MR       +....                  (boots unavailable)
Stlth    ++++......             (no amulet)
HPRegen  0.12/turn              (no ring)
MPRegen  0.13/turn              (no ring)

@: quick
A: very small, no armour, no weapons or thrown items, stealth, claws 1, fangs 3,
see invisible, carnivore, speed 1, shaggy fur 2, slow metabolism 1, sharp paws
a: Berserk, Trog's Hand, Brothers in Arms, Renounce Religion


You were on level 8 of the Dungeon.
You worshipped Trog.
Trog was greatly pleased with you.
You were not hungry.

You visited 1 branch of the dungeon, and saw 8 of its levels.

You collected 299 gold pieces.

Inventory:

Wands
 j - a wand of acid (9)
 r - a wand of paralysis (10)
 t - a wand of flame (20)
Scrolls
 b - 3 scrolls of amnesia {unknown}
 c - a scroll of enchant armour {unknown}
 d - a scroll of random uselessness {unknown}
 f - 2 scrolls of remove curse {unknown}
 g - 3 scrolls of teleportation {unknown}
 k - a scroll of noise {unknown}
 l - a scroll of immolation
 m - a scroll of enchant weapon {unknown}
 v - 2 scrolls of fog {unknown}
Potions
 e - 2 potions of degeneration
 h - a potion of might
 i - a potion of berserk rage
 n - a potion of resistance
 o - a potion of heal wounds {unknown}
 p - 2 potions of curing {unknown}
 q - 3 potions of brilliance
 s - 2 potions of cancellation
 u - a potion of haste {unknown}
Comestibles
 a - 17 rations


   Skills:
 + Level 6.2 Fighting
 + Level 10.5 Dodging
 + Level 6.5 Stealth
 + Level 6.4 Unarmed Combat
 - Level 5.4 Evocations


You had 7 spell levels left.
You didn't know any spells.
Your spell library was empty.

Dungeon Overview and Level Annotations

Branches:
Dungeon (8/15)             Temple (0/1) D:6
   Lair: D:8-11

Altars:
Gozag
Hepliaklqana
Kikubaaqudgha
Ru
Trog
Vehumet
Yredelemnul

Annotations:
D:4 2 transporters
D:6 exclusion: oklob plant
D:8 1 runed translucent door, zkyp's ghost, novice TrGl


Innate Abilities, Weirdness & Mutations

You cannot wear armour.
You are incapable of wielding weapons or throwing items.
Your paws allow you to move quietly. (Stealth)
You have sharp claws.
You have razor-sharp teeth.
You have supernaturally acute eyesight. (SInv)
You are carnivorous and can eat meat at any time.
You cover ground quickly.
You are covered in thick fur. (AC +2)
You have a slow metabolism.
Your sharp claws are effective at attacking unaware monsters.


Message History

You claw the orc!
You kill the orc!
Trog accepts your kill.
No target in view!
Things that are here:
a +0 hand axe; an orc corpse You butcher the orc corpse.
w - a chunk of flesh
Things that are here:
a +0 hand axe; an orc skeleton
Things that are here:
a +0 hand axe; an orc skeleton Eating a chunk of flesh.
You eat the chunk of flesh.
This raw flesh tastes great.
The two-headed ogre is too close now for your liking.
The two-headed ogre hits you with a +0 giant club!!
Ouch! That really hurt!
The two-headed ogre hits you with a +0 dire flail!!
Ouch! That really hurt!
You die...

#....#.#....#######..#
#....#.#.##.......#.#######.
#......#.########>.........
###.####.# ###.###..## .#
#.# #.###..### .# #.##
##........) ##
#..########...#####..
#........##..##
#.<....>.@)..#
#.......O###.# #........#
#.# #.†......# #.#
####O......÷# #.#
#.......!..C# #.#
#..##.####### #.## #.. #.#
#..#### ... #C# #.....#


You could see a two-headed ogre and a cyclops.

Vanquished Creatures
  Prince Ribbit (D:8)
  A water moccasin (D:7)
  An orc warrior (D:7)
  An ice beast (D:7)
  A sky beast (D:8)
  2 phantoms
  6 ogres
  A centaur (D:7)
  A big kobold (D:8)
  3 bullfrogs (D:7)
  A scorpion (D:4)
  2 howler monkeys
  3 crimson imps
  A bullfrog skeleton (D:4)
  4 hounds
  7 jellies (D:6)
  2 iguanas (D:8)
  Ijyb (D:3)
  2 worker ants
  Natasha (thrice) (D:2)
  2 orc wizards (D:8)
  2 hound skeletons (D:8)
  A worker ant zombie (D:6)
  7 adders
  15 oozes
  An adder skeleton (D:7)
  2 worms
  5 dart slugs
  4 leopard geckos
  12 orcs
  4 ball pythons
  6 giant cockroaches
  2 gnoll zombies (D:7)
  11 goblins
  13 hobgoblins
  10 jackals
  5 bats
  3 frilled lizards
  11 kobolds
  A leopard gecko skeleton (D:4)
  A quokka skeleton (D:5)
  8 rats
170 creatures vanquished.

Vanquished Creatures (others)
  5 fungi (D:6)
  2 plants
7 creatures vanquished.

Grand Total: 177 creatures vanquished

Notes
Turn   | Place    | Note
-------+----------+-------------------------------------------
     0 | D:1      | MisterFreud the Felid Berserker began the quest for the
                  | Orb.
     0 | D:1      | Reached XP level 1. HP: 10/10 MP: 2/2
   268 | D:1      | Reached XP level 2. HP: 14/14 MP: 3/3
  1013 | D:1      | Reached XP level 3. HP: 14/18 MP: 4/4
  1307 | D:2      | Noticed Natasha
  1313 | D:2      | Killed Natasha
  1313 | D:2      | Reached ** piety under Trog
  1313 | D:2      | Reached XP level 4. HP: 8/22 MP: 5/5
  1573 | D:2      | Reached skill level 5 in Fighting
  1961 | D:2      | Noticed Natasha
  1971 | D:2      | Killed Natasha
  1971 | D:2      | Reached skill level 1 in Stealth
  2008 | D:2      | Noticed Natasha
  2332 | D:2      | Killed Natasha
  2488 | D:2      | Reached XP level 5. HP: 26/26 MP: 6/6
  2578 | D:2      | Found a bloodstained altar of Trog.
  2788 | D:3      | Found a hazy altar of Hepliaklqana.
  2982 | D:3      | Noticed Ijyb
  2993 | D:3      | HP: 1/39 [ball python (2)]
  2996 | D:3      | Killed Ijyb
  2999 | D:3      | Slain by a ball python
  3000 | D:3      | Reached XP level 4. HP: -1/34 MP: 5/5
  3121 | D:3      | HP: 1/23 [orc/+2 war axe of electrocution (14)]
  3707 | D:4      | Noticed a phantom
  3715 | D:4      | Killed a phantom
  3715 | D:4      | Reached skill level 5 in Dodging
  3715 | D:4      | Reached XP level 5. HP: 26/26 MP: 6/6
  3839 | D:4      | Identified the +5 trident "Gout" {venom, rPois rC+ Str+7
                  | Dex-3}
  3864 | D:4      | Found a transporter.
  3969 | D:4      | Noticed an ogre
  3981 | D:4      | Killed an ogre
  3981 | D:4      | Gained mutation: You are covered in thick fur. (AC +2)
                  | [Felid growth]
  3981 | D:4      | Reached XP level 6. HP: 11/31 MP: 7/7
  4326 | D:4      | Found a transporter.
  4523 | D:5      | Entered Level 5 of the Dungeon
  5009 | D:5      | Found a sacrificial altar of Ru.
  5017 | D:5      | Reached XP level 7. HP: 34/34 MP: 8/8
  5078 | D:5      | Reached *** piety under Trog
  5100 | D:5      | Reached skill level 6 in Dodging
  5367 | D:5      | Found an ancient bone altar of Kikubaaqudgha.
  5432 | D:5      | Reached skill level 5 in Stealth
  5683 | D:6      | Noticed an oklob plant
  5727 | D:6      | Reached skill level 5 in Unarmed Combat
  5995 | D:6      | Reached skill level 7 in Dodging
  6095 | D:6      | Found an opulent altar of Gozag.
  6224 | D:6      | Reached XP level 8. HP: 38/38 MP: 9/9
  6483 | D:6      | Found a radiant altar of Vehumet.
  6490 | D:6      | Reached skill level 8 in Dodging
  6590 | D:6      | Found a staircase to the Ecumenical Temple.
  6859 | D:7      | Reached skill level 9 in Dodging
  7013 | D:7      | Reached skill level 10 in Dodging
  7015 | D:7      | Reached **** piety under Trog
  7023 | D:7      | Reached skill level 1 in Evocations
  7347 | D:7      | Found a basalt altar of Yredelemnul.
  7671 | D:7      | Reached XP level 9. HP: 36/41 MP: 12/12
  7995 | D:8      | Noticed Prince Ribbit
  8002 | D:8      | Killed Prince Ribbit
  8002 | D:8      | Reached skill level 5 in Evocations
  8017 | D:8      | Found a runed translucent door.
  8018 | D:8      | Noticed a cyclops
  8022 | D:8      | Noticed zkyp's ghost (novice TrGl)
  8441 | D:8      | Noticed a two-headed ogre
  8444 | D:8      | Noticed a cyclops
  8448 | D:8      | Slain by a two-headed ogre
  8449 | D:8      | Reached XP level 8. HP: -2/38 MP: 13/13
  8472 | D:8      | Slain by a two-headed ogre

Levels and vault maps discovered:
D:1:      dpeg_arrival_rhombus, layout_loops_corners
D:2:      layout_loops_corners, nicolae_overflow_hidden_temple,
          minmay_quadrilaterals, uniq_natasha
D:3:      layout_loops_ring, overflow_temple_1_default, uniq_ijyb
D:4:      layout_cave_pools, gammafunk_ghost_gnarly_gnolls, first_ration
D:5:      corexii_shack_village, layout_basic, old_standard_altar, basic_altar
D:6:      lemuel_slime, layout_basic, nicolae_gozag_seed_capital,
          minmay_temple_entry_statues_pillars, vehumet_altar_wand_db
D:7:      layout_basic, lemuel_zombie_altar_yredelemnul
D:8:      layout_rooms, ebering_ghost_inner_flame, serial_co_window_serial,
          co_window_of_opportunity_a, co_window_corner_a, co_window_paths_a,
          co_window_corner_a, co_window_corner_a, co_window_corner_cb,
          co_window_broadway_a, co_window_corner_b, glass_columns_a,
          glass_columns_a, serial_shops, shop, minmay_manual_monolith,
          uniq_prince_ribbit1

Skill      XL: |  1  2  3  4  5  6  7  8  9 |
---------------+----------------------------+-----
Fighting       | 4 5 6 |  6.2
Stealth        | 3 2 4 6 |  6.5
Dodging        | 5 7 10 | 10.5
Unarmed Combat | 4 5 6 |  6.4
Evocations     | 3 5 |  5.4

Action                   |  1- 3 |  4- 6 |  7- 9 || total
-------------------------+-------+-------+-------++-------
Melee: Unarmed           |    86 |   182 |   219 ||   487
       Bite              |     8 |    18 |    20 ||    46
       Punch             |       |     6 |     6 ||    12
Invok: Berserk           |     1 |     9 |    14 ||    24
  Use: Scroll            |       |       |     6 ||     6
 Stab: Sleeping          |     1 |    10 |    11 ||    22
       Distracted        |       |     1 |     3 ||     4
  Eat: Chunk             |     8 |    17 |    20 ||    45
Armor: Skin              |     1 |     2 |     5 ||     8
Dodge: Dodged            |    51 |   146 |   171 ||   368

Table legend:
 A = Non-vault XP
 B = Vault XP
 C = Vault XP percentage of total XP
 D = Non-vault monster count
 E = Vault monster count
 F = Vault count percentage of total count
                 A         B        C        D         E       F
            +---------+---------+-------+---------+---------+-------
      Total |    3140 |     760 |  19.5 |     130 |      40 |  23.5
            +---------+---------+-------+---------+---------+-------
        D:1 |      41 |       0 |   0.0 |      20 |       0 |   0.0
        D:2 |     142 |      41 |  22.4 |      23 |       5 |  17.9
        D:3 |      37 |      36 |  49.3 |      13 |       1 |   7.1
        D:4 |     429 |       0 |   0.0 |      13 |       0 |   0.0
        D:5 |     388 |      23 |   5.6 |      11 |       9 |  45.0
        D:6 |     528 |     386 |  42.2 |       9 |      21 |  70.0
        D:7 |    1080 |       3 |   0.3 |      19 |       2 |   9.5
        D:8 |     495 |     271 |  35.4 |      22 |       2 |   8.3
            +---------+---------+-------+---------+---------+-------
